 Dungeon Crawl Stone Soup version 0.31.0-9-g3a7656b989 (webtiles) character file.

Game seed: 7756413773973602814

63 Gottschkopf the Conjurer (level 3, -3/19 HPs)
             Began as a Deep Elf Conjurer on Feb 4, 2024.
             Frozen to death by an endoplasm (5 damage)
             ... on level 3 of the Dungeon.
             The game lasted 00:01:54 (2064 turns).

Gottschkopf the Conjurer (Deep Elf Conjurer)        Turns: 2064, Time: 00:01:54

Health: -3/19      AC:  2    Str:  4    XL:     3   Next: 87%
Magic:  7/9        EV: 12    Int: 24    God:
Gold:   85         SH:  0    Dex: 13    Spells: 5/8 levels left

rFire   . . .        e - +0 dagger
rCold   . . .        (no shield)
rNeg    . . .        a - +0 robe
rPois   .            (no helmet)
rElec   .            (no cloak)
rCorr   .            (no gloves)
SInv    .            (no boots)
Will    .....        (no amulet)
Stlth   ++           (no ring)
HPRegen 0.23/turn    (no ring)
MPRegen 0.11/turn

%: no passive effects
@: weak-willed
A: no striking features
a: no special abilities


You were on level 3 of the Dungeon.
You visited 1 branch of the dungeon, and saw 3 of its levels.

You collected 85 gold pieces.

Inventory:

Hand Weapons
 e - a +0 dagger (weapon)
Armour
 a - a +0 robe (worn)
Scrolls
 g - 2 scrolls of vulnerability
 m - a scroll of identify {unknown}
Potions
 b - a potion of magic
 f - 2 potions of degeneration {unknown}
 i - a potion of heal wounds {unknown}
 j - a potion of lignification {unknown}
 k - a potion of ambrosia {unknown}
 l - a potion of curing {unknown}


   Skills:
 - Level 2.4 Dodging
 - Level 2.4 Stealth
 - Level 3.0 Spellcasting
 + Level 6.1 Conjurations


You had 5 spell levels left.
You knew the following spells:

 Your Spells              Type           Power      Damage    Failure   Level
a - Magic Dart            Conj           100%       1d8       1%          1
b - Searing Ray           Conj           66%        2d6       1%          2

Your spell library contained the following spells:

 Spells                   Type           Power      Damage    Failure   Level
 Sting                    Conj/Alch      72%        1d7       3%          1
 Apportation              Tloc           6%         N/A       11%         1
 Necrotise                Necr           12%        1d4       11%         1
 Summon Small Mammal      Summ           12%        N/A       11%         1
 Blink                    Tloc           6%         N/A       16%         2
 Call Imp                 Summ           6%         N/A       16%         2
 Fulminant Prism          Conj/Alch      9%         3d7       30%         4
 Iskenderun's Mystic Bla  Conj/Tloc      18%        2d6       30%         4


Dungeon Overview and Level Annotations

Branches:
Dungeon (3/15)

Altars:


Message History

As you read the scroll labelled XAWA HU XYNA, it crumbles to dust.
Your body is wracked with pain!
It was a scroll of torment.
Your surroundings suddenly seem different.
An endoplasm and a dart slug come into view.
Found 15 gold pieces.
Found a faded altar of an unknown god.
Casting: Magic Dart (safe; 1% risk of failure)
Confirm with . or Enter, or press ? or * to list all spells.
The magic dart hits the dart slug.
The dart slug is moderately wounded.
The dart slug barely misses you. The endoplasm hits you.
Casting: Magic Dart (safe; 1% risk of failure)
Confirm with . or Enter, or press ? or * to list all spells.
The magic dart hits the dart slug.
The dart slug is heavily wounded.
The dart slug launches a dart at you. The slug dart hits you.
The endoplasm freezes you.
You are frozen.
You are too injured to fight recklessly!
You are too injured to fight recklessly!
You are too injured to fight recklessly!
You hit the dart slug.
The dart slug is severely wounded.
The endoplasm misses you. The dart slug completely misses you.
You hit the dart slug but do no damage.
The dart slug is heavily wounded.
The endoplasm freezes you.
You are frozen.
You hit the dart slug.
The dart slug is severely wounded.
The dart slug launches a dart at you. The slug dart hits you.
* * * LOW HITPOINT WARNING * * *
The endoplasm misses you.
You hit the dart slug but do no damage.
The dart slug is severely wounded.
The dart slug closely misses you. The endoplasm freezes you.
You are frozen.
You die...

###.###..>..
#..††......##.###.#
.......##.##......
# ...†...# #......
.##≈ .......#
###...... ..≈~.
........
........##..~~.
.......##
#............
......(#
#...⌠....~~.
.......# #._.@.#
#..wJ.# #.......
#.....##.. #$....#
.# ##..### # #..
#..


You could see a dart slug and an endoplasm.

Vanquished Creatures
  3 adders (D:2)
  A ribbon worm (D:2)
  4 ball pythons
  4 endoplasms
  A giant cockroach (D:2)
  4 goblins
  A hobgoblin (D:2)
  5 bats
  4 frilled lizards
  3 kobolds
  5 rats
35 creatures vanquished.

Notes
Turn   | Place    | Note
-------+----------+-------------------------------------------
     0 | D:1      | Gottschkopf the Deep Elf Conjurer began the quest for the
                  | Orb.
     0 | D:1      | Reached XP level 1. HP: 10/10 MP: 6/6
   371 | D:1      | Reached XP level 2. HP: 15/15 MP: 5/8
   431 | D:1      | Learned a level 2 spell: Searing Ray
   566 | D:1      | Reached skill level 5 in Conjurations
  1012 | D:2      | Reached XP level 3. HP: 19/19 MP: 6/9
  1512 | D:2      | Reached skill level 6 in Conjurations
  2058 | D:3      | Found a faded altar of an unknown god.
  2064 | D:3      | Frozen to death by an endoplasm

Illustrated notes

Levels and vault maps discovered:
D:1:      eino_arrival_druids_welcome, layout_basic
D:2:      layout_basic, minmay_misc_feat_encased
D:3:      layout_loops_ring, ebering_ghost_sewer_f,
          ebering_ecumenical_altar_abandoned, cheibrodos_sewer_entry_sluice,
          uniq_terence, uniq_ijyb

Skill      XL: |  1  2  3 |
---------------+----------+-----
Conjurations   | 5 6 |  6.1
Dodging        | |  2.4
Stealth        | |  2.4
Spellcasting   | |  3.0

Action                     || total
---------------------------++-------
  Melee: Dagger            ||     4
   Cast: Magic Dart        ||    66
    Use: Scroll            ||     4
 Armour: Robe              ||     4
  Dodge: Dodged            ||     7
